 Dungeon Crawl Stone Soup version 0.29-a0-486-ga88943ba61 (webtiles) character file.

Game seed: 10518971149515405536

81 Bruhh the Magician (level 4, 0/31 HPs)
             Began as a Djinni Earth Elementalist on May 26, 2022.
             Killed from afar by an orc wizard (5 damage)
             ... with a magic dart
             ... on level 4 of the Dungeon.
             The game lasted 00:02:22 (2488 turns).

Bruhh the Magician (Djinni Earth Elementalist)      Turns: 2488, Time: 00:02:22

Health: 0/31       AC:  2    Str: 13    XL:     4   Next: 68%
Gold:   173        EV: 12    Int: 19    God:
                   SH:  0    Dex: 13

rFire   + + .      SeeInvis .   (no weapon)
rCold   x . .      Faith    .   (no shield)
rNeg    . . .      Spirit   .   b - +0 robe
rPois   ∞          Reflect  .   (no helmet)
rElec   .          Harm     .   (no cloak)
rCorr   .          Rampage  .   (no gloves)
Will    .....                   (boots unavailable)
Stlth   ++........              (no amulet)
HPRegen 0.10/turn               k - +6 ring of strength
MPRegen 0.00/turn               (no ring)

@: flying
A: sickness immunity, fire resistance 2, cold vulnerability 1, float, innate
caster, HP casting, extra vitality 1
a: no special abilities


You were on level 4 of the Dungeon.
You visited 1 branch of the dungeon, and saw 6 of its levels.

You collected 173 gold pieces.

Inventory:

Missiles
 a - 95 stones
Armour
 b - a +0 robe (worn)
Jewellery
 k - a +6 ring of strength (left hand)
Scrolls
 c - 2 scrolls of magic mapping {unknown}
 d - 3 scrolls of identify {unknown}
 e - a scroll of immolation {unknown}
 f - a scroll of enchant armour {unknown}
 j - a scroll of amnesia {unknown}
Potions
 g - a potion of lignification {unknown}
 h - a potion of mutation {unknown}
 i - a potion of invisibility {unknown}


   Skills:
 - Level 2.1 Dodging
 - Level 1.5 Stealth
 + Level 4.0 Spellcasting


You couldn't memorise any spells.
You knew the following spells:

 Your Spells              Type           Power      Damage    Failure   Level
a - Sandblast             Erth           38%        2d10      2%          1
b - Passwall              Tmut/Erth      15%        N/A       4%          2
c - Stone Arrow           Conj/Erth      38%        3d9       8%          3
d - Petrify               Tmut/Erth      19%        N/A       26%         4
e - Slow                  Hex            76%        N/A       2%          1
Your spell library was empty.

Dungeon Overview and Level Annotations

Branches:
Dungeon (6/15)
 Temple: D:4-7

Altars:
Uskayaw

Annotations:
D:2 1 runed translucent door, Crazy Yiuf
D:5 Sigmund


Innate Abilities, Weirdness & Mutations

You are immune to sickness and miasma.
You are immune to poison.
Your flesh is very heat resistant. (rF++)
You are vulnerable to cold. (rC-)
You float through the air rather than walking.
You learn spells naturally, not from books.
Your magical power is your life essence.
You have superior vitality. (+4 MHP)


Message History

There is a stone staircase leading down here.
Okay, then.
An orc comes into view. It is wielding a +0 club. x2
There are monsters nearby!
There are monsters nearby!
There are monsters nearby!
There are monsters nearby!
An orc is nearby!
An orc is nearby!
A worm comes into view.
An orc is nearby!
An orc is nearby!
An orc is nearby!
An orc is nearby!
You are too injured to fight recklessly!
Casting: Sandblast (safe; 2% risk of failure)
Confirm with . or Enter, or press ? or * to list all spells.
You don't know that spell.
Casting: Sandblast (safe; 2% risk of failure)
Confirm with . or Enter, or press ? or * to list all spells.
Aiming: Sandblast (safe; 2% risk of failure)
Press: ? - help, Shift-Dir - straight line, f - orc
Aim: an orc, wielding a +0 club, wearing a +0 leather armour and quivering boomerangs (79% to hit)
The blast of sand hits the orc!
You kill the orc!
* * * LOW HITPOINT WARNING * * *
Your Spellcasting skill increases to level 4!
Casting: Sandblast (safe; 2% risk of failure)
Confirm with . or Enter, or press ? or * to list all spells.
You can't see any susceptible monsters within range! (Use Z to cast anyway.) Unknown command.
Unknown command.
An orc wizard comes into view. It is wielding a +0 dagger.
An orc wizard is nearby!
An orc wizard is nearby!
An orc wizard is nearby!
The orc wizard shouts!
The orc wizard points at you and mumbles some strange words.
The magic dart hits you.
You die...

#...##........o
#...#..o......
##...># . #.....#
..##.....#
w.......## .
........# ### ..#
........###.#..#
......o.).@....#
...............#
##................
.....##..........#
#...# ##.........#
#... ...#.#...##
..# #..####...#
#... ##..


You could see an orc wizard.

Vanquished Creatures
  2 adders (D:2)
  2 dart slugs
  An orc (D:4)
  2 ball pythons (D:1)
  8 bats
  5 endoplasms
  2 giant cockroaches (D:2)
  6 goblins
  5 hobgoblins
  6 jackals (D:2)
  5 kobolds
  A quokka (D:1)
  A frilled lizard (D:1)
  4 rats
50 creatures vanquished.

Notes
Turn   | Place    | Note
-------+----------+-------------------------------------------
     0 | D:1      | Bruhh the Djinni Earth Elementalist began the quest for the
                  | Orb.
     0 | D:1      | Reached XP level 1. HP: 15/15 MP: 0/0
   266 | D:1      | Reached XP level 2. HP: 20/21 MP: 0/0
   423 | D:1      | Reached skill level 3 in Spellcasting
   616 | D:1      | Reached XP level 3. HP: 23/25 MP: 0/0
   616 | D:1      | Learned a level 1 spell: Slow
  1202 | D:2      | Found a runed translucent door.
  1203 | D:2      | Noticed Crazy Yiuf
  1491 | D:2      | Reached XP level 4. HP: 25/31 MP: 0/0
  2248 | D:3      | Noticed a +0 falchion
  2249 | D:3      | Noticed a +0 spear
  2249 | D:3      | Noticed a +0 dagger
  2249 | D:3      | Noticed a +0 short sword
  2250 | D:3      | Noticed a +0 dagger
  2250 | D:3      | Noticed a +0 falchion
  2250 | D:3      | Noticed a +0 spear
  2255 | D:3      | Noticed a +0 short sword
  2260 | D:3      | Found a hide-covered altar of Uskayaw.
  2410 | D:3      | You are sucked into a shaft and drop 3 floors!
  2444 | D:5      | Entered Level 5 of the Dungeon
  2459 | D:5      | Noticed Sigmund
  2483 | D:4      | Reached skill level 4 in Spellcasting
  2488 | D:4      | Killed from afar by an orc wizard

Illustrated notes

Levels and vault maps discovered:
D:1:      tarquinn_simple_flora_water_a, layout_basic, serial_forest,
          infiniplex_forest_straight_3, infiniplex_forest_end_2,
          infiniplex_forest_lined_room_2, infiniplex_forest_zigzag_1,
          infiniplex_forest_clump_long, minmay_pentomino_x4
D:2:      layout_loops_ring, uniq_crazy_yiuf_cottage
D:3:      layout_basic, nicolae_uskayaw_en_pointe,
          gammafunk_ghost_abyssal_escape
D:4:      layout_cave_pools, mainiacjoe_overflow_alcove_4
D:5:      layout_basic, mainiacjoe_overflow_catch_the_wave, serial_shops,
          nicolae_square_shop, sigmund_army
D:6:      layout_loops_corners, lemuel_crystal_altar,
          minmay_temple_entry_junction_2, minmay_misc_feat_square

Skill      XL: |  1  2  3  4 |
---------------+-------------+-----
Spellcasting   | 3 4 |  4.0
Dodging        | |  2.1
Stealth        | |  1.5

Action                   |  1- 3 |  4- 6 || total
-------------------------+-------+-------++-------
Melee: Unarmed           |     4 |     2 ||     6
 Cast: Sandblast         |    44 |    27 ||    71
Armor: Robe              |     4 |       ||     4
Dodge: Dodged            |    11 |    22 ||    33

Table legend: (Time is in decaauts)
 A = Elapsed time spent in this place.
 B = Non-inter-level travel time spent in this place.
 C = Inter-level travel time spent in this place.
 D = Time resting spent in this place.
 E = Time spent auto-exploring this place.
 F = Levels seen in this place.
 G = Mean time per level.
                   A        B        C        D        E       F      G
               +--------+--------+--------+--------+--------+-----+--------+
         Total |   2486 |   2449 |     37 |      0 |   2191 |   6 |  414.3 |
       Dungeon |   2486 |   2449 |     37 |      0 |   2191 |   6 |  414.3 |
               +--------+--------+--------+--------+--------+-----+--------+

Top non-repeatable levels by time:
     D:1: 1123 daAuts
     D:2: 1092 daAuts
     D:3: 193 daAuts
     D:6: 33 daAuts
     D:4: 22 daAuts
     D:5: 20 daAuts
